 Dungeon Crawl Stone Soup version 0.22.0-60-ga52c2fc (webtiles) character file.

1592 troglodite the Slasher (level 8, -7/64 HPs)
             Began as a Demonspawn Berserker on Sept 10, 2018.
             Was an Elder of Trog.
             Mangled by an ogre
             ... wielding a +0 giant spiked club
              (23 damage)
             ... on level 5 of the Dungeon.
             The game lasted 00:17:50 (6121 turns).

troglodite the Slasher (Demonspawn Berserker)       Turns: 6121, Time: 00:17:51

Health: -7/64      AC: 12    Str: 17    XL:     8   Next: 61%
Magic:  8/8        EV:  6    Int:  8    God:    Trog [****..]
Gold:   178        SH:  0    Dex: 16    Spells: 7/7 levels left

rFire    . . .     SeeInvis .   y - +0 falchion (slice)
rCold    + . .     Gourm    .   (no shield)
rNeg     . . .     Faith    .   e - +0 plate armour
rPois    .         Spirit   .   (no helmet)
rElec    .         Reflect  .   u - scarf {cloud immunity}
rCorr    .         Harm     .   (no gloves)
MR       .....     Clarity  +   (no boots)
Stlth    ..........             (no amulet)
HPRegen  0.20/turn              (no ring)
MPRegen  0.11/turn              (no ring)

@: berserk cooldown, slowed, drained, very slow
A: talons 1, clarity, cold resistance 1, sense surroundings 1, rot immunity,
MP-powered wands
a: Berserk, Trog's Hand, Brothers in Arms, Renounce Religion


You were on level 5 of the Dungeon.
You worshipped Trog.
Trog was greatly pleased with you.
You were hungry.

You visited 1 branch of the dungeon, and saw 7 of its levels.
You also visited: Ossuary.

You collected 206 gold pieces.
You spent 28 gold pieces at shops.

Inventory:

Hand Weapons
 a - a +0 falchion
 y - a +0 falchion of slicing (weapon)
Armour
 e - a +0 plate armour (worn)
 u - a scarf of cloud immunity (worn)
Jewellery
 d - an uncursed ring of ice
 w - an uncursed ring of stealth {unknown}
Wands
 p - a wand of clouds (4)
Scrolls
 h - 2 scrolls of enchant armour {unknown}
 j - 2 scrolls of enchant weapon {unknown}
 k - 2 scrolls of teleportation {unknown}
 n - 6 scrolls of remove curse {unknown}
 o - 2 scrolls of amnesia {unknown}
 q - a scroll of blinking {unknown}
 r - a scroll of fear {unknown}
 s - 3 scrolls of fog {unknown}
 x - 3 scrolls of identify
 A - a scroll of immolation {unknown}
Potions
 b - 2 potions of agility
 f - 2 potions of lignification
 g - 4 potions of curing
 i - 3 potions of mutation
 l - 4 potions of flight
 m - a potion of ambrosia {unknown}
 t - 3 potions of might
 v - 2 potions of berserk rage {unknown}
 z - 2 potions of cancellation {unknown}
 B - a potion of invisibility {unknown}
Comestibles
 c - 10 rations


   Skills:
 * Level 6.1(5.1) Fighting
 + Level 6.2(5.2) Long Blades
 * Level 5.6(4.6) Armour
 * Level 4.1(3.2) Dodging


You had 7 spell levels left.
You didn't know any spells.
Your spell library was empty.

Dungeon Overview and Level Annotations

Branches:
Dungeon (7/15)
 Temple: D:4-7

Altars:
Hepliaklqana
Kikubaaqudgha
Sif Muna
Xom

Shops:
D:4 ?   D:5 [=


Innate Abilities, Weirdness & Mutations

You have sharp toenails.
Your flesh is cold resistant. (rC+)
You are immune to rotting.
You possess an exceptional clarity of mind.
You passively map a small area around you.
You expend magic power (3 MP) to strengthen your wands.


Message History

A wight comes into view. It is wielding a falchion.
The ogre barely misses you.
The wight hits you with an enchanted flail!
You feel drained.
Things that are here:
a great sword of freezing; a robe The ogre hits you with a giant spiked club!!
The ogre closely misses you.
The wight hits you from afar with a halberd.
* * * LOW HITPOINT WARNING * * *
There is a stone staircase leading up, spattered with blood here.
The ogre completely misses you. The wight barely misses you.
You climb upwards.
There is a stone staircase leading down here.
You fail to use your ability.
The ogre hits you with a giant spiked club.
* * * LOW HITPOINT WARNING * * *
You fail to use your ability.
The ogre hits you with a giant spiked club!!
You die...

#### #....#.......... #..##
#....#.......... ##...#
#....#........## #...##
#....#...##...## #...##
#####...##..##...## ######...#
##..##...##..##..... #...##...#
#................... #...#....#
#...O............... #...#..รท.#
#..@........(.....## #.(.+....#
#.................##
##.###'############...###[###..##
...###.###.#..#..##...###.###..##
...........#...........#.......##
...........#...........#.......##
...........#...........#.........
)..........#...........#.........
##.###.######.##.###..###..##..##


You could see an ogre.

Vanquished Creatures
  Grinder (D:5)
  An ogre (D:5)
  2 centaurs
  Blork the orc (D:5)
  A bullfrog (D:6)
  4 water moccasin zombies (Ossuary)
  A wight (D:6)
  A howler monkey (D:6)
  A centaur zombie (D:7)
  An orc priest (D:3)
  2 hounds
  3 orc wizards (D:5)
  Ijyb (D:3)
  A centaur skeleton (D:6)
  An iguana (D:4)
  2 worker ants (D:4)
  5 big kobold zombies (Ossuary)
  2 mummies (Ossuary)
  9 adders
  6 gnolls
  A shadow imp (D:6)
  3 oozes
  6 adder zombies (Ossuary)
  A worm (D:3)
  2 dart slugs (D:2)
  4 leopard geckos
  6 orcs
  7 bats
  4 giant cockroaches
  4 gnoll zombies (Ossuary)
  5 goblins
  4 hobgoblins
  6 jackals (D:5)
  6 kobolds
  2 quokkas
  A ball python (D:4)
  3 frilled lizards (D:1)
  5 hobgoblin zombies (Ossuary)
  A kobold zombie (Ossuary)
  4 orc zombies (Ossuary)
  A quokka skeleton (D:6)
  8 rats
130 creatures vanquished.

Notes
Turn   | Place    | Note
-------+----------+-------------------------------------------
     0 | D:1      | troglodite the Demonspawn Berserker began the quest for the
                  | Orb.
     0 | D:1      | Reached XP level 1. HP: 18/18 MP: 1/1
    51 | D:1      | Gained mutation: You have sharp toenails. [demonic
                  | ancestry]
    51 | D:1      | Reached XP level 2. HP: 20/24 MP: 2/2
   720 | D:2      | Reached XP level 3. HP: 29/29 MP: 3/3
   808 | D:2      | Found an ancient bone altar of Kikubaaqudgha.
   823 | D:2      | Reached ** piety under Trog
  1362 | D:3      | Gained mutation: Your flesh is cold resistant. (rC+)
                  | [demonic ancestry]
  1362 | D:3      | Reached XP level 4. HP: 37/37 MP: 4/4
  1698 | D:3      | Noticed Ijyb
  1702 | D:3      | Killed Ijyb
  1912 | D:3      | Gained mutation: You are immune to rotting. [demonic
                  | ancestry]
  1912 | D:3      | Reached XP level 5. HP: 42/42 MP: 5/5
  2692 | D:4      | Reached XP level 6. HP: 48/49 MP: 6/6
  2773 | D:4      | Found a hazy altar of Hepliaklqana.
  2774 | D:4      | Found a shimmering altar of Xom.
  2774 | D:4      | Noticed a hell beast
  2780 | D:4      | Noticed a hell beast
  2780 | D:4      | Noticed a spectral ugly thing
  2889 | D:4      | Found a deep blue altar of Sif Muna.
  3427 | D:4      | Found Irarucud's Magic Scroll Shop.
  3435 | D:4      | Bought a scroll of identify for 28 gold pieces
  3511 | D:4      | You fall through a shaft for 3 floors!
  3762 | D:6      | Reached XP level 7. HP: 32/55 MP: 7/7
  3794 | D:6      | Found a sand-covered staircase.
  3941 | Ossuary  | Entered an ossuary
  3978 | Ossuary  | Reached skill level 5 in Fighting
  4024 | Ossuary  | Reached *** piety under Trog
  4154 | Ossuary  | Reached skill level 5 in Long Blades
  4536 | Ossuary  | Gained mutation: You passively map a small area around you.
                  | [potion of mutation]
  4536 | Ossuary  | Gained mutation: You possess an exceptional clarity of
                  | mind. [potion of mutation]
  4536 | Ossuary  | Gained mutation: You expend magic power (3 MP) to
                  | strengthen your wands. [potion of mutation]
  4584 | D:6      | Found a hazy altar of Hepliaklqana.
  4687 | D:6      | Reached XP level 8. HP: 22/63 MP: 8/8
  4741 | D:5      | Entered Level 5 of the Dungeon
  5362 | D:5      | Noticed Grinder
  5372 | D:5      | Noticed Blork the orc
  5377 | D:5      | Killed Grinder
  5377 | D:5      | Reached skill level 5 in Armour
  5383 | D:5      | Killed Blork the orc
  5448 | D:5      | Found Raexzowe's Armour Emporium.
  5631 | D:5      | Reached **** piety under Trog
  5903 | D:5      | Found Yciecsoq's Jewellery Shoppe.
  6121 | D:5      | Mangled by an ogre

Skill      XL: |  1  2  3  4  5  6  7  8 |
---------------+-------------------------+-----
Armour         | 2 3 4 5 |  5.6
Long Blades    | 3 4 5 6 |  6.2
Dodging        | 2 3 4 |  4.1
Fighting       | 4 5 6 |  6.1

Action                   |  1- 3 |  4- 6 |  7- 9 || total
-------------------------+-------+-------+-------++-------
Melee: Falchion          |   108 |   131 |   245 ||   484
       Kick              |    25 |    44 |   103 ||   172
Invok: Berserk           |     1 |     5 |     5 ||    11
  Use: Scroll            |       |     7 |       ||     7
       Potion            |       |       |     1 ||     1
  Eat: Chunk             |     2 |     9 |     5 ||    16
       Ration            |       |     1 |     2 ||     3
Armor: Animal skin       |     2 |       |       ||     2
       Plate armour      |    83 |    98 |   142 ||   323
Dodge: Dodged            |    44 |    37 |    84 ||   165
       Rpst.: Falchion   |    10 |    14 |    25 ||    49
